 Dungeon Crawl Stone Soup version 0.22.1-5-g62c59d919a (webtiles) character file.

368 OniHtar the Chopper (level 7, -3/54 HPs)
             Began as a Human Berserker on Jan 9, 2019.
             Was a Believer of Trog.
             Slain by an iguana (10 damage)
             ... on level 4 of the Dungeon on Jan 10, 2019.
             The game lasted 00:26:04 (1631 turns).

OniHtar the Chopper (Human Berserker)               Turns: 1631, Time: 00:26:04

Health: -3/54      AC: 13    Str: 17 (19) XL:     7   Next: 1%
Magic:  7/7        EV:  6    Int:  8      God:    Trog [**....]
Gold:   105        SH:  0    Dex: 12      Spells: 6/6 levels left

rFire    . . .     SeeInvis .   a - +0 hand axe
rCold    . . .     Gourm    .   (no shield)
rNeg     . . .     Faith    .   e - +0 plate armour
rPois    .         Spirit   .   (no helmet)
rElec    .         Reflect  .   (no cloak)
rCorr    .         Harm     .   f - +0 pair of gloves
MR       .....                  (no boots)
Stlth    ..........             (no amulet)
HPRegen  0.18/turn              (no ring)
MPRegen  0.10/turn              (no ring)

@: lethally poisoned (-3 -> -7)
A: no striking features
a: Berserk, Trog's Hand, Renounce Religion


You were on level 4 of the Dungeon.
You worshipped Trog.
Trog was pleased with you.
You were not hungry.

You visited 1 branch of the dungeon, and saw 4 of its levels.
You also visited: Sewer.

You collected 105 gold pieces.

Inventory:

Hand Weapons
 a - a +0 hand axe (weapon)
Armour
 e - a +0 plate armour (worn)
 f - a +0 pair of gloves (worn)
Scrolls
 j - a scroll of remove curse
Potions
 l - 2 potions of flight
Comestibles
 c - 4 rations


   Skills:
 + Level 4.2 Fighting
 + Level 5.2 Axes
 + Level 4.1 Armour
 + Level 2.4 Dodging
 + Level 0.2 Stealth


You had 6 spell levels left.
You didn't know any spells.
Your spell library was empty.

Dungeon Overview and Level Annotations

Branches:
Dungeon (4/15)
 Temple: D:4-7

Altars:
Fedhas
Hepliaklqana
Okawaru

Annotations:
D:4 Grinder


Message History

The worker ant closely misses you.
You slash the phantom!
The phantom is severely damaged.
You hit the worker ant.
You feel sick.
The phantom hits you but does no damage.
The worker ant bites you but does no damage.
You feel sick.
Found a ration.
A frilled lizard comes into view.
You feel sick.
The frilled lizard hisses angrily.
Your skin stops crawling.
You feel less resistant to hostile enchantments.
Grinder blinks!
You recover from your berserk rage.
You feel sick.
The phantom blinks!
You hit the iguana.
The iguana is lightly wounded.
You closely miss the worker ant. The iguana bites you!
You die...

..........5..§..........
##......#######[###....#
#..............# ...#
........§........ ..#
...#.###.........# .#
..... #.......#.# # ...#
#§......#.#
..######.la.......
.........@.......
...............
......W....l...
...............
........%......
...............
...............
...............


You could see a phantom, an iguana, a worker ant and a frilled lizard.

Vanquished Creatures
  A necrophage (D:4)
  A big kobold (Sewer)
  A howler monkey (D:4)
  A jelly (D:3)
  2 worker ants (D:4)
  2 river rats (Sewer)
  An adder (D:3)
  3 oozes
  A dart slug (D:2)
  5 orcs
  7 bats (D:2)
  2 giant cockroaches
  4 goblins
  6 hobgoblins
  7 jackals
  8 kobolds
  A quokka (D:2)
  7 rats
60 creatures vanquished.

Notes
Turn   | Place    | Note
-------+----------+-------------------------------------------
     0 | D:1      | OniHtar the Human Berserker began the quest for the Orb.
     0 | D:1      | Reached XP level 1. HP: 18/18 MP: 1/1
   105 | D:1      | Reached XP level 2. HP: 23/24 MP: 2/2
   526 | D:2      | Reached XP level 3. HP: 25/29 MP: 3/3
   705 | D:2      | Reached ** piety under Trog
   891 | D:2      | Found an iron altar of Okawaru.
   961 | D:2      | Reached XP level 4. HP: 31/35 MP: 4/4
  1033 | D:3      | Found a glowing drain.
  1055 | Sewer    | Entered a sewer
  1113 | Sewer    | Noticed a big kobold
  1153 | Sewer    | Killed a big kobold
  1153 | Sewer    | Reached skill level 4 in Axes
  1153 | Sewer    | Reached XP level 5. HP: 13/42 MP: 5/5
  1257 | Sewer    | Found a glowing silver altar of Zin.
  1350 | D:3      | Found a hazy altar of Hepliaklqana.
  1388 | D:3      | Reached XP level 6. HP: 48/48 MP: 6/6
  1432 | D:3      | Found a blossoming altar of Fedhas.
  1550 | D:4      | Noticed a phantom
  1555 | D:4      | Noticed Grinder
  1556 | D:4      | Noticed a necrophage
  1580 | D:4      | Killed a necrophage
  1580 | D:4      | Reached skill level 5 in Axes
  1587 | D:4      | Reached XP level 7. HP: 52/52 MP: 7/7
  1631 | D:4      | Slain by an iguana

Skill      XL: |  1  2  3  4  5  6 |
---------------+-------------------+-----
Fighting       | 4 |  4.2
Axes           | 4 5 |  5.2
Armour         | 3 4 |  4.1
Dodging        | |  2.4
Stealth        | |  0.2

Action                   |  1- 3 |  4- 6 |  7- 9 || total
-------------------------+-------+-------+-------++-------
Melee: Hand axe          |    99 |   138 |    16 ||   253
Invok: Berserk           |       |     2 |       ||     2
       Trog's Hand       |       |     1 |     2 ||     3
  Use: Scroll            |     1 |     2 |     2 ||     5
       Potion            |     1 |     5 |     1 ||     7
  Eat: Ration            |       |     1 |     1 ||     2
Armor: Animal skin       |     2 |       |       ||     2
       Plate armour      |    73 |   102 |    40 ||   215
       Ring mail         |     3 |       |       ||     3
       Chain mail        |     1 |       |       ||     1
Dodge: Dodged            |    50 |    51 |    11 ||   112
